APP
GREENEVILLE ASTROS @ OAKLAND (APP) ATHLETICS
10/16/2049
 
TOP OF THE 1ST
Seattle (APP) Mariners batting - Pitching for Orem Owlz : RHP Chris Morales
Pitching: RHP Chris Morales
Batting: LHB Humberto Herrada 0-0: Ball
1-0: Called Strike
1-1: Swinging Strike
1-2: DOUBLE (Line Drive, 9LS, EV 105.0 MPH)
Batting: RHB Corey Davis 0-0: Ground out 1-3 (Groundball, 13S, EV 73.1 MPH)
Humberto Herrada to third
Batting: LHB Griffin Fogle 0-0: Called Strike
0-1: Ball
1-1: Ball
2-1: Fly out, F8 (Flyball, 8LXD, EV 104.4 MPH)
Runner from 3rd tags up, SCORES, no throw by CF
Batting: RHB J.J. Phillips 0-0: Foul Ball, location: 2F
0-1: Ball
1-1: Foul Ball, location: 2F
1-2: Strikes out swinging
Top of the 1st over - 1 run, 1 hit, 0 errors, 0 left on base; Seattle (APP) 1 - Orem 0
BOTTOM OF THE 1ST
Orem Owlz batting - Pitching for Seattle (APP) Mariners : RHP Jorge Aranda
Pitching: RHP Jorge Aranda
Batting: RHB Carlos Martinez 0-0: Ball
1-0: Ball
2-0: Fly out, F9 (Flyball, 9LDF, EV 101.3 MPH)
Batting: SHB Jesse Snyder 0-0: Fly out, F9 (Flyball, 9LS, EV 90.0 MPH)
Batting: SHB Greg Prime 0-0: Foul Ball, location: 2F
0-1: Called Strike
0-2: Strikes out swinging
Bottom of the 1st over - 0 runs, 0 hits, 0 errors, 0 left on base; Seattle (APP) 1 - Orem 0
TOP OF THE 2ND
Seattle (APP) Mariners batting - Pitching for Orem Owlz : RHP Chris Morales
Batting: LHB Joe Thompson 0-0: Called Strike
0-1: Ball
1-1: Ground out 5-3 (Groundball, 56S, EV 83.1 MPH)
Batting: RHB Manny Santos 0-0: Called Strike
0-1: Ball
1-1: Foul Ball, location: 2F
1-2: Foul Ball, location: 2F
1-2: Ball
2-2: Ball
3-2: Foul Ball, location: 2F
3-2: SINGLE (Groundball, 56D, EV 106.9 MPH)
Batting: RHB Abel Gray 0-0: Ball
1-0: Ball
2-0: Called Strike
2-1: Fielders Choice at 2nd, 6-4 (Groundball, 6, EV 76.9 MPH)
Batting: RHB David Knox 0-0: Called Strike
0-1: Called Strike
0-2: Ball
1-2: Foul Ball, location: 2F
1-2: Foul Ball, location: 2F
1-2: Foul Ball, location: 2F
1-2: Ball
2-2: Ground out 5-3 (Groundball, 5, EV 107.5 MPH)
Top of the 2nd over - 0 runs, 1 hit, 0 errors, 1 left on base; Seattle (APP) 1 - Orem 0
BOTTOM OF THE 2ND
Orem Owlz batting - Pitching for Seattle (APP) Mariners : RHP Jorge Aranda
Batting: LHB Matt Acevedo 0-0: Called Strike
0-1: SINGLE (Line Drive, 6M, EV 107.5 MPH)
Batting: RHB Antonio Torres 0-0: Ball
1-0: Swinging Strike
1-1: Ball
2-1: DOUBLE (Line Drive, 3D, EV 95.0 MPH)
Matt Acevedo to third
Runner from 3rd tries for Home, SAFE, throw by RF to trailing runner, SAFE at third!
Batting: LHB Mike Martinez 0-0: Ground out 4-3 (Groundball, 4MS, EV 90.0 MPH)
Antonio Torres scores
Batting: RHB Matt Trevizo 0-0: Ball
1-0: Ground out 4-3 (Groundball, 34, EV 81.9 MPH)
Batting: RHB Eric Moore 0-0: Ball
1-0: Ball
2-0: Ball
3-0: Base on Balls
Batting: RHB Jeremy Allen 0-0: Ball
1-0: Fielders Choice at 2nd, 5-4 (Groundball, 56, EV 91.3 MPH)
Bottom of the 2nd over - 2 runs, 2 hits, 0 errors, 1 left on base; Seattle (APP) 1 - Orem 2
TOP OF THE 3RD
Seattle (APP) Mariners batting - Pitching for Orem Owlz : RHP Chris Morales
Batting: RHB Evan Bohringer 0-0: Called Strike
0-1: Foul Ball, location: 2F
0-2: Foul Ball, location: 2F
0-2: Ball
1-2: Foul Ball, location: 2F
1-2: Foul Ball, location: 2F
1-2: Ball
2-2: Strikes out looking
Batting: LHB Humberto Herrada 0-0: Called Strike
0-1: Called Strike
0-2: Ball
1-2: Strikes out swinging
Batting: RHB Corey Davis 0-0: Ball
1-0: Called Strike
1-1: Ball
2-1: Foul Ball, location: 2F
2-2: Strikes out swinging
Top of the 3rd over - 0 runs, 0 hits, 0 errors, 0 left on base; Seattle (APP) 1 - Orem 2
BOTTOM OF THE 3RD
Orem Owlz batting - Pitching for Seattle (APP) Mariners : RHP Jorge Aranda
Batting: RHB Carlos Martinez 0-0: Bunt missed!
0-1: Foul Ball, location: 2F
0-2: Ball
1-2: Ground out 3-1 (Groundball, 34, EV 98.1 MPH)
Batting: SHB Jesse Snyder 0-0: Called Strike
0-1: Foul Ball, location: 2F
0-2: Ground out 4-3 (Groundball, 4, EV 87.5 MPH)
Batting: SHB Greg Prime 0-0: DOUBLE (Line Drive, 89XD, EV 104.4 MPH)
Batting: LHB Matt Acevedo 0-0: Called Strike
0-1: Foul Ball, location: 2F
0-2: Ground out 4-3 (Groundball, 4, EV 86.3 MPH)
Bottom of the 3rd over - 0 runs, 1 hit, 0 errors, 1 left on base; Seattle (APP) 1 - Orem 2
TOP OF THE 4TH
Seattle (APP) Mariners batting - Pitching for Orem Owlz : RHP Chris Morales
Batting: LHB Griffin Fogle 0-0: Called Strike
0-1: Fly out, F7 (Flyball, 7D, EV 103.8 MPH)
Batting: RHB J.J. Phillips 0-0: Ball
1-0: Ball
2-0: Foul Ball, location: 2F
2-1: Fly out, F8 (Flyball, 8RM, EV 91.9 MPH)
Batting: LHB Joe Thompson 0-0: Ball
1-0: Foul Ball, location: 2F
1-1: Ball
2-1: Foul Ball, location: 2F
2-2: Foul Ball, location: 2F
2-2: Foul Ball, location: 2F
2-2: Ball
3-2: Base on Balls
Batting: RHB Manny Santos 0-0: Ball
1-0: Called Strike
1-1: Ball
2-1: Foul Ball, location: 2F
2-2: Ground out 4-3 (Groundball, 34D, EV 110.0 MPH)
Top of the 4th over - 0 runs, 0 hits, 0 errors, 1 left on base; Seattle (APP) 1 - Orem 2
BOTTOM OF THE 4TH
Orem Owlz batting - Pitching for Seattle (APP) Mariners : RHP Jorge Aranda
Batting: RHB Antonio Torres 0-0: Foul Ball, location: 2F
0-1: Ball
1-1: Ball
2-1: Ball
3-1: Fly out, F7 (Flyball, 78M, EV 83.1 MPH)
Batting: LHB Mike Martinez 0-0: Called Strike
0-1: Swinging Strike
0-2: Ball
1-2: Strikes out swinging, 2-3 out at first.
Batting: RHB Matt Trevizo 0-0: Ball
1-0: Foul Ball, location: 2F
1-1: Ball
2-1: Foul Ball, location: 2F
2-2: Ball
3-2: Foul Ball, location: 2F
3-2: Base on Balls
Batting: RHB Eric Moore 0-0: Ball
Matt Trevizo steals 2nd base
1-0: Ground out 6-3 (Groundball, 6S, EV 73.8 MPH)
Bottom of the 4th over - 0 runs, 0 hits, 0 errors, 1 left on base; Seattle (APP) 1 - Orem 2
TOP OF THE 5TH
Seattle (APP) Mariners batting - Pitching for Orem Owlz : RHP Chris Morales
Batting: RHB Abel Gray 0-0: Called Strike
0-1: Ground out 3-1 (Groundball, 34, EV 103.8 MPH)
Batting: RHB David Knox 0-0: Ball
1-0: SOLO HOME RUN (Flyball, 78XD, EV 91.3 MPH), Distance : 422 ft
Pitching: RHP Masu Yamada
Batting: RHB Evan Bohringer 0-0: Ball
1-0: Ball
2-0: Ball
3-0: Base on Balls
Batting: LHB Humberto Herrada 0-0: Ball
1-0: Foul Ball, location: 2F
1-1: Foul Ball, location: 2F
1-2: Ball
2-2: Foul Ball, location: 2F
2-2: Ball
3-2: Foul Ball, location: 2F
3-2: Base on Balls
Evan Bohringer to second
Batting: RHB Corey Davis 0-0: Ball
1-0: Ball
2-0: Ball
3-0: Base on Balls
Evan Bohringer to third
Humberto Herrada to second
Batting: LHB Griffin Fogle 0-0: Ball
1-0: Ball
2-0: Ball
3-0: Called Strike
3-1: Fly out, F7 (Flyball, 7D, EV 93.1 MPH)
Runner from 3rd tags up, SCORES, no throw by LF
Humberto Herrada to third
Batting: RHB J.J. Phillips 0-0: Called Strike
0-1: Foul Ball, location: 2F
0-2: Foul Ball, location: 2F
0-2: Ball
1-2: Foul Ball, location: 2F
1-2: TRIPLE (Flyball, 8LXD, EV 104.4 MPH)
Humberto Herrada scores
Corey Davis scores
Batting: LHB Joe Thompson 0-0: Fly out, F7 (Flyball, 7S, EV 88.1 MPH)
Top of the 5th over - 4 runs, 2 hits, 0 errors, 1 left on base; Seattle (APP) 5 - Orem 2
BOTTOM OF THE 5TH
Orem Owlz batting - Pitching for Seattle (APP) Mariners : RHP Jorge Aranda
Batting: RHB Jeremy Allen 0-0: Ball
1-0: Foul Ball, location: 2F
1-1: Foul Ball, location: 2F
1-2: Ball
2-2: Strikes out swinging
Batting: RHB Carlos Martinez 0-0: Called Strike
0-1: Foul Ball, location: 2F
0-2: Fly out, F7 (Flyball, 7, EV 76.9 MPH)
Batting: SHB Jesse Snyder 0-0: Called Strike
0-1: Ball
1-1: Ball
2-1: Ball
3-1: SINGLE (Groundball, 6S, EV 71.9 MPH) (infield hit)
Batting: SHB Greg Prime 0-0: Ground out 4-3 (Groundball, 4, EV 86.3 MPH)
Bottom of the 5th over - 0 runs, 1 hit, 0 errors, 1 left on base; Seattle (APP) 5 - Orem 2
TOP OF THE 6TH
Seattle (APP) Mariners batting - Pitching for Orem Owlz : RHP Masu Yamada
Pitching: LHP Noah Tucker
Batting: RHB Manny Santos 0-0: SINGLE (Groundball, 56D, EV 100.6 MPH)
Batting: RHB Abel Gray 0-0: SINGLE (Groundball, 34D, EV 95.6 MPH)
Manny Santos to second
Runner from 2nd tries for 3rd, SAFE, throw by RF made to third
Batting: RHB David Knox Pickoff Throw to First - Error! E1
Manny Santos scores
Abel Gray to second
0-0: Ball
1-0: Ball
2-0: Called Strike
2-1: Foul Ball, location: 2F
2-2: Ball
3-2: Strikes out swinging, 2-3 out at first.
Batting: RHB Evan Bohringer 0-0: Ball
1-0: Called Strike
1-1: Foul Ball, location: 2F
1-2: Ball
2-2: Strikes out swinging
Batting: LHB Humberto Herrada 0-0: Called Strike
0-1: Ground out U3 (Groundball, 3, EV 81.9 MPH)
Top of the 6th over - 1 run, 2 hits, 1 error, 1 left on base; Seattle (APP) 6 - Orem 2
BOTTOM OF THE 6TH
Orem Owlz batting - Pitching for Seattle (APP) Mariners : RHP Jorge Aranda
Batting: LHB Matt Acevedo 0-0: Ball
1-0: Called Strike
1-1: Swinging Strike
1-2: Ground out 1-3 (Groundball, P, EV 73.8 MPH)
Batting: RHB Antonio Torres 0-0: Swinging Strike
0-1: Ball
1-1: Ball
2-1: Swinging Strike
2-2: SINGLE (Flyball, 78M, EV 96.9 MPH)
Batting: LHB Mike Martinez 0-0: Called Strike
0-1: Called Strike
0-2: Ball
1-2: Strikes out swinging
Pitching: LHP Wang Jing
Batting: RHB Matt Trevizo 0-0: Ball
1-0: DOUBLE (Groundball, 5L, EV 100.0 MPH)
Antonio Torres to third
Runner from 3rd tries for Home, SAFE, no throw by LF
Batting: RHB Eric Moore 0-0: Called Strike
0-1: DOUBLE (Line Drive, 7LS, EV 108.1 MPH)
Matt Trevizo scores
Batting: RHB Jeremy Allen 0-0: Called Strike
0-1: Called Strike
0-2: Ball
1-2: Strikes out looking
Bottom of the 6th over - 2 runs, 3 hits, 0 errors, 1 left on base; Seattle (APP) 6 - Orem 4
TOP OF THE 7TH
Seattle (APP) Mariners batting - Pitching for Orem Owlz : LHP Noah Tucker
Batting: RHB Corey Davis 0-0: Ball
1-0: Ball
2-0: Called Strike
2-1: Ball
3-1: DOUBLE (Line Drive, 89D, EV 100.6 MPH)
Batting: LHB Griffin Fogle 0-0: Ball
1-0: Foul Ball, location: 2F
1-1: SINGLE (Line Drive, 6MD, EV 101.3 MPH)
Corey Davis to third
Batting: RHB J.J. Phillips 0-0: Called Strike
0-1: Foul Ball, location: 2F
0-2: Ball
1-2: Ball
Wild Pitch!
Corey Davis scores
Griffin Fogle to second
2-2: Foul Ball, location: 2F
2-2: Ball
3-2: Intentional Walk
Batting: LHB Joe Thompson 0-0: Swinging Strike
0-1: Ball
1-1: Fielders Choice at 2nd, 5-4 (Groundball, 5, EV 86.3 MPH)
Griffin Fogle to third
Pitching: RHP Alberto Gonzales
Batting: RHB Manny Santos 0-0: Ball
1-0: Ball
2-0: Ball
3-0: Called Strike
3-1: Called Strike
3-2: Strikes out swinging
Batting: RHB Abel Gray 0-0: Swinging Strike
0-1: Foul Ball, location: 2F
0-2: Ball
1-2: Strikes out swinging
Top of the 7th over - 1 run, 2 hits, 0 errors, 2 left on base; Seattle (APP) 7 - Orem 4
BOTTOM OF THE 7TH
Orem Owlz batting - Pitching for Seattle (APP) Mariners : LHP Wang Jing
Batting: RHB Carlos Martinez 0-0: Ball
1-0: SINGLE (Groundball, 56D, EV 104.4 MPH)
Batting: SHB Jesse Snyder 0-0: Ball
1-0: Bunt missed!
1-1: Bunt - Flyout to 2L! F2
Batting: SHB Greg Prime 0-0: Ball
1-0: Hit by Pitch
Carlos Martinez to second
Batting: LHB Matt Acevedo 0-0: Called Strike
0-1: Foul Ball, location: 2F
0-2: Strikes out swinging
Batting: RHB Antonio Torres 0-0: Called Strike
0-1: SINGLE (Line Drive, 78S, EV 99.4 MPH)
Carlos Martinez to third
Greg Prime to second
Pinch Hitting: RHB Valentyn Inverno 0-0: Called Strike
0-1: Foul Ball, location: 2F
0-2: Fielders Choice at 2nd, 5-4 (Groundball, 56, EV 83.8 MPH)
Bottom of the 7th over - 0 runs, 2 hits, 0 errors, 3 left on base; Seattle (APP) 7 - Orem 4
TOP OF THE 8TH
Seattle (APP) Mariners batting - Pitching for Orem Owlz : RHP Alberto Gonzales
Now in RF: Cameron Savage
Batting: RHB David Knox 0-0: Ball
1-0: Swinging Strike
1-1: Swinging Strike
1-2: Strikes out swinging
Batting: RHB Evan Bohringer 0-0: Ground out 4-3 (Groundball, 4, EV 103.1 MPH)
Batting: LHB Humberto Herrada 0-0: Ball
1-0: Swinging Strike
1-1: Foul Ball, location: 2F
1-2: Strikes out swinging
Top of the 8th over - 0 runs, 0 hits, 0 errors, 0 left on base; Seattle (APP) 7 - Orem 4
BOTTOM OF THE 8TH
Orem Owlz batting - Pitching for Seattle (APP) Mariners : LHP Wang Jing
Pitching: RHP Marco Castillo
Batting: RHB Matt Trevizo 0-0: Ball
1-0: Ball
2-0: Ball
3-0: Called Strike
3-1: Called Strike
3-2: Strikes out swinging
Batting: RHB Eric Moore 0-0: Called Strike
0-1: Ground out 5-3 (Groundball, 5L, EV 85.6 MPH)
Batting: RHB Jeremy Allen 0-0: Called Strike
0-1: Ball
1-1: Swinging Strike
1-2: Strikes out looking
Bottom of the 8th over - 0 runs, 0 hits, 0 errors, 0 left on base; Seattle (APP) 7 - Orem 4
TOP OF THE 9TH
Seattle (APP) Mariners batting - Pitching for Orem Owlz : RHP Alberto Gonzales
Batting: RHB Corey Davis 0-0: Called Strike
0-1: Swinging Strike
0-2: Ball
1-2: Strikes out swinging
Batting: LHB Griffin Fogle 0-0: Ball
1-0: Ball
2-0: Swinging Strike
2-1: Foul Ball, location: 2F
2-2: Foul Ball, location: 2F
2-2: Ball
3-2: Base on Balls
Batting: RHB J.J. Phillips 0-0: Called Strike
0-1: Foul Ball, location: 2F
0-2: Ball
1-2: Strikes out swinging
Batting: LHB Joe Thompson 0-0: Ball
1-0: Called Strike
1-1: Called Strike
1-2: Foul Ball, location: 2F
1-2: Foul Ball, location: 2F
1-2: Strikes out looking
Top of the 9th over - 0 runs, 0 hits, 0 errors, 1 left on base; Seattle (APP) 7 - Orem 4
BOTTOM OF THE 9TH
Orem Owlz batting - Pitching for Seattle (APP) Mariners : RHP Marco Castillo
Pitching: RHP Gregorio Perez
Batting: RHB Carlos Martinez 0-0: Foul Ball, location: 2F
0-1: Ground out 4-3 (Groundball, 4, EV 95.6 MPH)
Batting: SHB Jesse Snyder 0-0: Called Strike
0-1: DOUBLE (Groundball, 3L, EV 102.5 MPH)
Batting: SHB Greg Prime 0-0: Swinging Strike
0-1: Ball
1-1: Called Strike
1-2: Ball
2-2: Strikes out swinging
Batting: LHB Matt Acevedo 0-0: Ball
1-0: Foul Ball, location: 2F
1-1: Ball
2-1: Ball
3-1: Called Strike
3-2: Foul Ball, location: 2F
3-2: Foul Ball, location: 2F
3-2: Strikes out swinging
Bottom of the 9th over - 0 runs, 1 hit, 0 errors, 1 left on base; Seattle (APP) 7 - Orem 4
Sunday, July 16th , 2023 - OOTP Baseball 24.6 Build 69